 Dungeon Crawl Stone Soup version 0.30.0-29-ga12c61a403 (webtiles) character file.

Game seed: 12720942383416357518

164625 monsoonserge the Bewitcher (level 17, -4/83 HPs)
             Began as a Spriggan Enchanter on June 25, 2023.
             Was a Priest of Uskayaw.
             Slain by Zenata
             ... wielding a +3 bardiche
              (33 damage)
             ... on level 1 of the Elven Halls.
             The game lasted 04:14:45 (38826 turns).

monsoonserge the Bewitcher (Spriggan Enchanter)    Turns: 38826, Time: 04:14:46

Health: -4/83      AC: 11    Str:  4    XL:     17   Next: 26%
Magic:  29/30      EV: 25    Int: 27    God:    Uskayaw [***...]
Gold:   2707       SH: 14    Dex: 16    Spells: 2/32 levels left

rFire   + . .        v - +8 autumn katana {manifold assault}
rCold   + . .        U - +2 buckler
rNeg    . . .        X - +2 robe of Lightning Storm {rF+ Int+3 SInv Stlth+}
rPois   .            (helmet restricted)
rElec   .            j - +2 cloak {rC+}
rCorr   .            (gloves unavailable)
SInv    +            (boots unavailable)
Will    ++++.        S - amulet of Zekubros {Reflect SH+5 Stlth+}
Stlth   ++++++++     q - ring of Eseusy {+Blink Fly Will+}
HPRegen 0.33/turn    O - +4 ring of protection
MPRegen 0.22/turn

%: reflection
@: mighty, silenced, flying, very quick
A: very small, no large weapons, unfitting armour, see invisible, speed 3,
strong-willed 1
a: Renounce Religion, Evoke Blink


You were on level 1 of the Elven Halls.
You worshipped Uskayaw.
Uskayaw was aware of your devotion.
You visited 8 branches of the dungeon, and saw 32 of its levels.
You also visited: Sewer, Ossuary, Gauntlet, Ice Cave and Volcano.

You collected 3055 gold pieces.
You spent 348 gold pieces at shops.

Inventory:

Hand Weapons
 a - a +9 vampiric dagger
 b - the +5 quick blade of the Common Good {flame, rN+ Str+3 Dex+2}
   (You acquired it on level 14 of the Dungeon)

   Str:       It affects your strength (+3).
   Dex:       It affects your dexterity (+2).
   rN:        It protects you from negative energy.
 v - the +8 autumn katana (weapon) {manifold assault}
   (You acquired it on level 14 of the Dungeon)
Missiles
 f - 6 atropa-tipped darts
 s - 4 silver boomerangs
 A - 52 poisoned darts
 P - 4 boomerangs of dispersal
 Q - 7 curare-tipped darts (quivered)
 Y - 2 throwing nets
Armour
 j - a +2 cloak of cold resistance (worn)
 U - a +2 buckler (worn)
 X - the +2 robe of Lightning Storm (worn) {rF+ Int+3 SInv Stlth+}
   (You found it on level 11 of the Dungeon)

   Int:       It affects your intelligence (+3).
   rF:        It protects you from fire.
   SInv:      It lets you see invisible.
   Stlth:     It makes you more stealthy.
Jewellery
 e - the ring "Ufavedoi" {Ice +Blink rCorr Str+3 Dex+6}
   (You found it in an ice cave)

   [ring of ice]

   It enhances your ice magic.
   Str:       It affects your strength (+3).
   Dex:       It affects your dexterity (+6).
   rF:        It makes you vulnerable to fire.
   rC:        It protects you from cold.
   +Blink:    It lets you blink.
   rCorr:     It protects you from acid and corrosion.
 q - the ring of Eseusy (left hand) {+Blink Fly Will+}
   (You found it in a Gauntlet)

   [ring of flight]

   Fly:       It grants you flight.
   +Blink:    It lets you blink.
   Will:      It increases your willpower.
 u - the amulet "Buagh" {RegenMP +Blink Will+ Str+5 Stlth-}
   (You bought it in a shop on level 2 of the Dungeon)

   [amulet of magic regeneration]

   It increases your rate of magic regeneration.
   Str:       It affects your strength (+5).
   +Blink:    It lets you blink.
   Will:      It increases your willpower.
   Stlth:     It makes you less stealthy.
 w - a ring of poison resistance
 O - a +4 ring of protection (right hand)
 S - the amulet of Zekubros (around neck) {Reflect SH+5 Stlth+}
   (You found it on level 14 of the Dungeon)

   [amulet of reflection]

   It reflects blocked missile attacks.
   SH:        It affects your SH (+5).
   Stlth:     It makes you more stealthy.
Wands
 i - a wand of paralysis (12)
 B - a wand of mindburst (30)
 I - a wand of roots (52)
 V - a wand of polymorph (1)
Scrolls
 d - 2 scrolls of torment
 m - 3 scrolls of fog
 n - 2 scrolls of vulnerability
 x - 5 scrolls of teleportation
 C - 8 scrolls of fear
 D - 4 scrolls of magic mapping
 G - 3 scrolls of summoning
 J - a scroll of enchant weapon
 L - a scroll of silence
 M - 5 scrolls of enchant armour
 N - 4 scrolls of amnesia
 R - 3 scrolls of blinking
 T - 6 scrolls of immolation
 Z - a scroll of poison
Potions
 c - 6 potions of invisibility
 g - 11 potions of might
 h - 3 potions of brilliance
 k - 5 potions of flight
 l - 17 potions of curing
 o - 6 potions of mutation
 p - 4 potions of lignification
 r - 6 potions of heal wounds
 y - 2 potions of attraction
 z - 4 potions of cancellation
 F - 3 potions of magic
 H - 5 potions of haste
 K - 2 potions of resistance
 W - 2 potions of berserk rage
Miscellaneous
 t - a phantom mirror
 E - a lightning rod (4/4)


   Skills:
 + Level 6.7 Fighting
 - Level 10.0(10.4) Short Blades
 + Level 3.2(5.8) Long Blades
 + Level 1.2 Throwing
 - Level 1.7 Armour
 + Level 13.7 Dodging
 - Level 18.0 Stealth
 + Level 9.4 Shields
 + Level 8.2 Spellcasting
 - Level 1.0 Conjurations
 + Level 19.7 Hexes
 + Level 3.8 Summonings
 - Level 3.0 Necromancy
 - Level 2.0 Ice Magic
 + Level 0.3 Air Magic
 + Level 10.0 Invocations
 + Level 7.9 Evocations


You had 2 spell levels left.
You knew the following spells:

 Your Spells              Type           Power      Damage    Failure   Level
a - Ensorcelled Hibernat  Hex/Ice        100%       N/A       1%          2
b - Confusing Touch       Hex            87%        N/A       0%          3
c - Dazzling Flash        Conj/Hex       100%       N/A       1%          3
d - Tukima's Dance        Hex            87%        N/A       0%          3
e - Anguish               Hex/Necr       32%        N/A       1%          4
f - Summon Mana Viper     Hex/Summ       66%        N/A       1%          5
g - Metabolic Englaciati  Hex/Ice        31%        N/A       2%          5
h - Silence               Hex/Air        30%        N/A       3%          5

Your spell library contained the following spells:

 Spells                   Type           Power      Damage    Failure   Level
 Slow                     Hex            100%       N/A       0%          1
 Call Imp                 Summ           64%        N/A       2%          2
 Magic Dart               Conj           64%        1d6       5%          1
 Cigotuvi's Dreadful Rot  Necr/Pois/Air  34%        N/A       8%          2
 Static Discharge         Conj/Air       28%        2-4/arc   10%         2
 Lesser Beckoning         Tloc           22%        N/A       12%         2
 Poisonous Vapours        Pois/Air       22%        N/A       12%         2
 Inner Flame              Hex/Fire       59%        N/A       1%          3
 Summon Guardian Golem    Hex/Summ       66%        N/A       1%          3
 Vampiric Draining        Necr           27%        2d7       7%          3
 Frozen Ramparts          Ice            42%        1d7       11%         3
 Ozocubu's Armour         Ice            21%        N/A       11%         3
 Mephitic Cloud           Conj/Pois/Air  13%        N/A       21%         3
 Stone Arrow              Conj/Erth      26%        3d8       21%         3
 Gell's Gravitas          Tloc           11%        N/A       24%         3
 Ignite Poison            Fire/Tmut/Pois 11%        N/A       24%         3
 Spider Form              Tmut/Pois      11%        N/A       24%         3
 Teleport Other           Tloc           11%        N/A       24%         3
 Volatile Blastmotes      Fire/Tloc      22%        2d11      24%         3
 Summon Ice Beast         Ice/Summ       27%        N/A       24%         4
 Animate Armour           Summ/Erth      42%        N/A       34%         4
 Summon Lightning Spire   Summ/Air       22%        N/A       34%         4
 Flame Wave               Conj/Fire      13%        2d6       54%         4
 Iskenderun's Mystic Bla  Conj/Tloc      13%        2d5       54%         4
 Sticky Flame             Conj/Fire      13%        2d4       54%         4
 Airstrike                Air            6%         2d(1-17)  56%         4
 Passage of Golubria      Tloc           11%        N/A       63%         4
 Summon Forest            Summ/Tloc      10%        N/A       69%         5
 Freezing Cloud           Conj/Ice/Air   8%         6-21      82%         5
 Summon Cactus Giant      Summ           16%        N/A       94%         6
 Simulacrum               Ice/Necr       12%        N/A       99%         6
 Starburst                Conj/Fire      6%         6d4       100%        6
 Orb of Destruction       Conj           8%         9d6       100%        7
 Spellforged Servitor     Conj/Summ      12%        N/A       100%        7
 Ignition                 Fire           5%         3d4       100%        8
 Lehudib's Crystal Spear  Conj/Erth      6%         10d3      100%        8


Dungeon Overview and Level Annotations

Branches:
Dungeon (15/15)            Temple (1/1) D:7            Lair (5/5) D:8
  Swamp (3/4) Lair:3       Spider (2/4) Lair:3        Slime (3/5) Lair:4
    Orc (2/2) D:11            Elf (1/3) Orc:2        Vaults (0/5) D:14
  Sewer (visited)         Ossuary (visited)           IceCv (visited)
Volcano (visited)         Gauntlet (visited)
 Depths: D:15

Altars:
Ashenzari
Cheibriados
Dithmenos
Elyvilon
Fedhas
Gozag
Hepliaklqana
Kikubaaqudgha
Makhleb
Nemelex Xobeh
Okawaru
Qazlal
Ru
Sif Muna
Trog
Uskayaw
Vehumet
Wu Jian
Xom
Yredelemnul
Zin
The Shining One
Jiyva

Shops:
D:2 ([*?   D:10 *   Orc:1 :   Orc:2 (*[[

Annotations:
D:15 Roxanne
Elf:1 Zenata


Innate Abilities, Weirdness & Mutations

You are very small and have problems with some larger weapons.
You are too small for most types of armour.
You have supernaturally acute eyesight. (SInv)
You cover ground extremely quickly. (Speed+++)
You are strong-willed. (Will+)


Message History

You slash Zenata!
Zenata is lightly wounded.
You block the deep elf sorcerer's attack.
Zenata hits you with a +3 bardiche!!
You feel very mighty all of a sudden.
The deep elf sorcerer closely misses you.
You block Zenata's attack.
You barely miss Zenata.
Zenata is lightly wounded.
You block the deep elf sorcerer's attack.
You block Zenata's attack.
You barely miss Zenata.
Zenata is lightly wounded.
You block the deep elf sorcerer's attack.
Zenata misses you.
You slash Zenata!
Zenata is moderately wounded.
The deep elf sorcerer misses you. Zenata completely misses you.
Uskayaw will force your foes to helplessly watch your dance.
Uskayaw prepares the audience for your solo!
The helpless Zenata fails to defend herself.
You slice Zenata!!
Zenata is heavily wounded.
The deep elf sorcerer is no longer paralysed.
Zenata looks more healthy.
The deep elf sorcerer hits you with a +0 long sword!
The helpless Zenata fails to defend herself.
You slash Zenata!
Zenata is heavily wounded.
The deep elf zephyrmancer is no longer paralysed.
Zenata is no longer paralysed.
The deep elf pyromancer is no longer paralysed.
The deep elf sorcerer hits you but does no damage.
You block Zenata's attack.
Okay, then.
You barely miss Zenata.
Zenata is heavily wounded.
The deep elf sorcerer hits you with a +0 long sword.
Zenata hits you with a +3 bardiche!!
You die...

#.####.# ##...##
#p####.###.###.##
##.......).## ##.#
##.).....##.# #.#
###........##)## ##.#
.......##)####.###.##
...#...###.# ##...##
...##..###)# ##.##
...e..ee@..# #.# ####
#....#a#### #.# #..#
.##.... #.### #.##
#...# #####...## #.#
#.... #........# #.##
.#...## #.#.###..#
...#
..#....###........#
...# ..
.#...+.......##.#
...# #...###...>.# .#


You could see Zenata, a deep elf sorcerer, a deep elf pyromancer and a deep elf
zephyrmancer (wandering).

Vanquished Creatures
  Arachne (Spider:2)
  3 acid blobs
  2 azure jellies (IceCv)
  3 rockslimes
  A deep elf sorcerer (Elf:1)
  3 quicksilver oozes
  A deep elf demonologist (Elf:1)
  3 eleionomae (Swamp:1)
  2 bunyips (Swamp:1)
  A minotaur (Gauntlet)
  An ettin (D:12)
  A fire dragon (Lair:5)
  An entropy weaver (Spider:2)
  A shambling mangrove (Swamp:2)
  Fannar (Lair:3)
  The ghost of Fecro the Unseen, a journeyman SpBr of Dithmenos (D:12)
  8 hydras
  2 vault guards (D:14)
  2 catoblepae
  Erolcha (Orc:2)
  14 two-headed ogres
  A spriggan air mage (Swamp:2)
  A ghost crab (Swamp:1)
  3 centaur warriors
  2 boulder beetles
  9 alligators
  A tengu warrior (D:14)
  4 dancing weapons (Elf:1)
  A spriggan berserker (Swamp:2)
  6 orc high priests
  A soul eater (Gauntlet)
  8 spriggans
  A pharaoh ant (Spider:2)
  6 skeletal warriors (D:14)
  2 goliath frogs
  2 spriggan druids (Swamp:1)
  4 swamp dragons
  3 bog bodies
  2 wizards
  3 deep elf archers (Elf:1)
  8 deep elf zephyrmancers (Elf:1)
  7 orc knights
  5 wolf spiders
  3 deep elf pyromancers (Elf:1)
  2 steelbarb worms (Spider:2)
  A shining eye (Slime:1)
  A salamander (Volcano)
  9 ugly things
  An oklob plant (Lair:3)
  3 cyclopes
  A manticore (D:9)
  3 orc sorcerers (Orc:1)
  9 elephants
  2 will-o-the-wisps (Swamp:1)
  An eye of devastation (Slime:3)
  A moth of wrath (Spider:2)
  Maurice (D:9)
  An ice statue (IceCv)
  4 black mambas
  3 demonic crawlers (Spider:1)
  4 torpor snails
  Joseph (D:9)
  9 komodo dragons
  14 cane toads
  5 rime drakes
  2 tengu conjurers (D:13)
  2 efreet
  A queen bee (D:10)
  7 trolls
  4 tyrant leeches
  10 hornets
  A meliai (Lair:3)
  9 polar bears
  Prince Ribbit (D:9)
  20 blink frogs
  9 tarantellas
  Grinder (D:6)
  6 jumping spiders
  3 culicivoras (Spider:2)
  29 slime creatures
  2 shadows
  A fire elemental (Elf:1)
  An air elemental (Elf:1)
  2 vampires
  3 wyverns
  8 wraiths
  A basilisk (D:12)
  3 water elementals (D:14)
  33 yaks
  3 fire bats (Orc:1)
  6 humans (D:14)
  8 vampire mosquitoes
  7 redbacks
  4 steam dragons
  6 wargs
  Menkaure (D:7)
  10 swamp worms
  16 water moccasins
  6 acid dragons
  18 hell hounds
  Pargi (Sewer)
  A sky beast (D:6)
  3 ice beasts
  2 swamp drakes
  35 orc warriors
  11 black bears (Lair:5)
  2 great orb of eyes simulacra (IceCv)
  49 wolves
  A boggart (Elf:1)
  16 centaurs
  9 ogres
  A kobold brigand (D:8)
  A phantom (D:5)
  2 slime creature simulacra (IceCv)
  4 bullfrogs
  A gnoll sergeant (D:9)
  An earth elemental (Elf:1)
  A scorpion (D:7)
  7 glowing shapeshifter simulacra (IceCv)
  13 wights
  35 killer bees
  7 electric eels
  A howler monkey (D:6)
  3 hounds
  4 jellies (Lair:4)
  31 orc priests
  5 sleepcaps
  Jessica (D:2)
  5 iguanas
  18 orc wizards
  6 hell rats (Lair:2)
  4 shapeshifter simulacra (IceCv)
  A mummy (Ossuary)
  Robin (D:2)
  3 gnolls (D:9)
  6 adders
  3 river rats (D:4)
  2 shadow imps (Gauntlet)
  4 white imps
  2 ufetubi (D:6)
  A worm (D:2)
  2 dart slugs (D:2)
  71 orcs
  7 spectral bats (Ossuary)
  5 endoplasms
  3 giant cockroaches
  12 gnoll zombies (Ossuary)
  13 goblins
  7 hobgoblins
  11 jackals
  10 kobolds
  3 quokkas
  3 ball pythons
  3 bats
  2 bat simulacra (Ossuary)
  5 frilled lizards (D:2)
  3 goblin simulacra (Ossuary)
  4 goblin zombies (Ossuary)
  8 kobold simulacra (Ossuary)
  12 kobold zombies (Ossuary)
  2 orc zombies (Ossuary)
  5 rats
  3 rat simulacra (Ossuary)
  A spectral goblin (Ossuary)
  2 spectral kobolds (Ossuary)
  3 spectral rats (Ossuary)
960 creatures vanquished.

Vanquished Creatures (collateral kills)
  A quicksilver ooze (Slime:2)
  Josephine (D:12)
  2 skeletal warriors
  A bog body (Swamp:2)
  An ice statue (IceCv)
  An elephant (Lair:4)
  A gargoyle (D:13)
  A polar bear (Lair:5)
  An air elemental (Elf:1)
  2 jumping spiders (Spider:1)
  A wraith (D:12)
  2 slime creatures
  A culicivora (Spider:1)
  3 humans (D:14)
  2 wargs (Lair:5)
  3 hell hounds (Lair:5)
  2 wolves (Lair:4)
  2 centaurs
  A killer bee (D:10)
  An orc wizard (Orc:2)
  An orc (Orc:2)
31 creatures vanquished.

Vanquished Creatures (others)
  A deep elf pyromancer (D:14)
  2 bloated husks
  2 dancing weapons
  A human (D:14)
  A vampire mosquito (Lair:3)
  A centaur (D:14)
  An iguana (Lair:5)
  An orc (Orc:2)
  A butterfly (D:15)
  9 foxfires
20 creatures vanquished.

Grand Total: 1011 creatures vanquished

Notes
Turn   | Place    | Note
-------+----------+-------------------------------------------
     0 | D:1      | monsoonserge the Spriggan Enchanter began the quest for the
                  | Orb.
     0 | D:1      | Reached XP level 1. HP: 9/9 MP: 5/5
   657 | D:2      | Found Fyesob Gari's Assorted Antiques.
   691 | D:2      | Reached XP level 2. HP: 8/13 MP: 6/6
   701 | D:2      | Reached skill level 4 in Hexes
   715 | D:1      | Learned a level 2 spell: Ensorcelled Hibernation
   759 | D:2      | Reached skill level 5 in Stealth
   854 | D:2      | Found Tuhupyclo's Armour Shop.
   856 | D:2      | Found Ceewus's Weapon Boutique.
   876 | D:2      | Reached XP level 3. HP: 16/16 MP: 8/8
  1275 | D:2      | Found Sepp's Magic Scroll Boutique.
  1318 | D:2      | Noticed Jessica
  1331 | D:2      | Killed Jessica
  1332 | D:2      | Reached XP level 4. HP: 15/21 MP: 1/9
  1476 | D:2      | Found a faded altar of an unknown god.
  1570 | D:2      | Bought a crude bone amulet for 115 gold pieces
  1570 | D:2      | Identified the amulet "Buagh" {RegenMP +Blink Will+ Str+5
                  | Stlth-} (You bought it in a shop on level 2 of the Dungeon)
  1726 | D:2      | Noticed Robin
  1740 | D:2      | Killed Robin
  1784 | D:2      | Learned a level 3 spell: Confusing Touch
  1788 | D:2      | Learned a level 3 spell: Dazzling Flash
  2320 | D:3      | Reached XP level 5. HP: 25/25 MP: 10/10
  2620 | D:4      | Found a glowing drain.
  2638 | Sewer    | Entered a sewer
  2684 | Sewer    | Noticed Pargi
  2694 | Sewer    | Killed Pargi
  2695 | Sewer    | Reached skill level 1 in Conjurations
  2695 | Sewer    | Reached skill level 1 in Evocations
  2695 | Sewer    | Reached XP level 6. HP: 25/29 MP: 11/11
  2808 | D:4      | Reached skill level 1 in Ice Magic
  2815 | D:4      | Learned a level 3 spell: Tukima's Dance
  2935 | D:2      | Bought a scroll of teleportation for 36 gold pieces
  3297 | D:5      | Entered Level 5 of the Dungeon
  3463 | D:5      | Found a shadowy altar of Dithmenos.
  3490 | D:5      | Noticed a wyvern
  3495 | D:5      | Killed a wyvern
  3496 | D:5      | Reached skill level 5 in Hexes
  3496 | D:5      | Reached XP level 7. HP: 32/32 MP: 10/12
  3517 | D:5      | Found a white marble altar of Elyvilon.
  3598 | D:5      | Found a bloodstained altar of Trog.
  4028 | D:5      | Reached skill level 1 in Fighting
  4076 | D:6      | Noticed a two-headed ogre
  4183 | D:5      | Reached XP level 8. HP: 23/37 MP: 6/13
  4440 | D:6      | Reached skill level 6 in Hexes
  4446 | D:6      | Reached skill level 10 in Stealth
  4553 | D:6      | Reached skill level 5 in Evocations
  4709 | D:6      | Noticed Grinder
  4717 | D:6      | Killed Grinder
  5073 | D:2      | Bought a scroll of brand weapon for 114 gold pieces
  5146 | D:6      | Killed a two-headed ogre
  5147 | D:6      | Reached skill level 5 in Short Blades
  5147 | D:6      | Reached skill level 5 in Dodging
  5147 | D:6      | Reached skill level 7 in Hexes
  5147 | D:6      | Reached XP level 9. HP: 42/42 MP: 6/14
  5570 | D:7      | Reached skill level 8 in Hexes
  5810 | D:7      | Noticed Menkaure
  5814 | D:7      | Found a staircase to the Ecumenical Temple.
  5815 | D:7      | Killed Menkaure
  5825 | Temple   | Entered the Ecumenical Temple
  6479 | D:8      | Found a staircase to the Lair.
  6491 | D:8      | Found an ancient bone altar of Kikubaaqudgha.
  6491 | D:8      | Found a burning altar of Makhleb.
  6491 | D:8      | Found a sand-covered staircase.
  6508 | Ossuary  | Entered an ossuary
  6918 | D:8      | Reached XP level 10. HP: 47/47 MP: 12/15
  6927 | D:8      | Reached skill level 9 in Hexes
  7114 | D:8      | Learned a level 4 spell: Anguish
  7654 | D:9      | Noticed Maurice
  7779 | D:9      | Noticed Joseph
  7794 | D:9      | Killed Joseph
  7795 | D:9      | Reached skill level 1 in Necromancy
  7837 | D:9      | Noticed Prince Ribbit
  7845 | D:9      | Killed Prince Ribbit
  8222 | D:9      | Noticed a manticore
  8230 | D:9      | Killed a manticore
  8436 | D:9      | Killed Maurice
  8643 | D:9      | Reached skill level 10 in Hexes
  8691 | D:9      | Found a hazy altar of Hepliaklqana.
  8775 | D:10     | Entered Level 10 of the Dungeon
  8858 | D:10     | Found a broken altar of Ashenzari.
  8972 | D:10     | Found a shimmering blue altar of Sif Muna.
  8974 | D:10     | Found Keyq's Assorted Antiques.
  8977 | D:10     | Reached skill level 1 in Shields
  9011 | D:10     | Found a hide-covered altar of Uskayaw.
  9018 | D:10     | Became a worshipper of Uskayaw the Reveller
  9048 | D:10     | Reached * piety under Uskayaw
  9085 | D:10     | Noticed a two-headed ogre
  9092 | D:10     | Killed a two-headed ogre
  9092 | D:10     | Reached ** piety under Uskayaw
  9096 | D:10     | Noticed a two-headed ogre
  9103 | D:10     | Killed a two-headed ogre
  9104 | D:10     | Reached XP level 11. HP: 52/52 MP: 18/18
  9255 | D:10     | Found a radiant altar of Vehumet.
  9309 | D:10     | Reached *** piety under Uskayaw
  9310 | D:10     | Reached **** piety under Uskayaw
  9318 | D:10     | Reached ***** piety under Uskayaw
  9319 | D:10     | Reached skill level 1 in Armour
  9451 | D:10     | Reached skill level 11 in Hexes
  9718 | D:10     | Found an iron altar of Okawaru.
 10496 | D:11     | Identified the +2 robe of Lightning Storm {rF+ Int+3 SInv
                  | Stlth+}
 10516 | D:11     | Noticed a centaur warrior
 10602 | D:10     | Reached skill level 1 in Invocations
 10634 | D:11     | HP: 2/52 [acid dragon/splash of acid (17)]
 11209 | D:11     | Found a staircase to the Orcish Mines.
 11248 | D:11     | Reached skill level 12 in Hexes
 11294 | D:11     | Killed a centaur warrior
 11548 | Orc:1    | Entered Level 1 of the Orcish Mines
 11757 | Orc:2    | Entered Level 2 of the Orcish Mines
 11760 | Orc:2    | Noticed an orc knight
 11762 | Orc:2    | Noticed Erolcha
 11814 | Orc:2    | Found a staircase to the Elven Halls.
 11816 | Orc:2    | Noticed an orc sorcerer
 11820 | Orc:1    | Noticed an orc sorcerer
 11831 | Orc:1    | Noticed an orc knight
 11833 | Orc:1    | Killed an orc sorcerer
 11841 | Orc:1    | Noticed an orc high priest
 11853 | Orc:1    | Reached XP level 12. HP: 47/57 MP: 8/19
 11884 | Orc:1    | Found Hatsao's Book Emporium.
 11905 | Orc:1    | Found a dark tunnel.
 11938 | Volcano  | Entered a volcano
 12169 | Volcano  | Noticed a two-headed ogre
 12169 | Volcano  | Noticed a two-headed ogre
 12183 | Volcano  | Killed a two-headed ogre
 12194 | Volcano  | Killed a two-headed ogre
 12195 | Volcano  | Reached skill level 13 in Hexes
 12662 | Orc:1    | Killed an orc high priest
 12673 | Orc:1    | Reached skill level 1 in Throwing
 13042 | Lair:1   | Entered Level 1 of the Lair of Beasts
 13133 | Lair:1   | You fall into a shaft and drop 1 floor!
 13782 | Lair:1   | Identified the +6 trident of Daujytur {spect, rPois rC+}
 13960 | Lair:2   | Reached skill level 14 in Hexes
 14086 | Lair:2   | Reached skill level 5 in Shields
 14644 | Lair:2   | Reached skill level 5 in Invocations
 14894 | Lair:2   | Reached skill level 15 in Stealth
 15138 | Lair:3   | Reached XP level 13. HP: 61/61 MP: 20/20
 15164 | Lair:3   | Identified the +3 flail "Lutot" {speed, rC+ Int+2}
 15580 | Lair:3   | Found a hole to the Spider Nest.
 15615 | Lair:3   | Reached ****** piety under Uskayaw
 15678 | Lair:3   | Noticed Fannar
 15706 | Lair:3   | Killed Fannar
 15707 | Lair:3   | Reached skill level 10 in Dodging
 16149 | Lair:3   | Found a staircase to the Swamp.
 16872 | Lair:4   | Reached skill level 15 in Hexes
 16955 | Lair:4   | Found a viscous altar of Jiyva.
 16958 | Lair:4   | Found a staircase to the Slime Pits.
 17216 | Lair:4   | Learned a level 5 spell: Summon Mana Viper
 17641 | Lair:5   | Entered Level 5 of the Lair of Beasts
 17731 | Lair:5   | Reached skill level 1 in Summonings
 17939 | Slime:1  | Entered Level 1 of the Pits of Slime
 17939 | Slime:1  | You fall into a shaft and drop 1 floor!
 17949 | Slime:2  | Noticed an acid blob
 17982 | Slime:2  | Noticed an acid blob
 17988 | Slime:1  | Noticed a rockslime
 17988 | Slime:1  | Noticed a quicksilver ooze
 18219 | Lair:4   | Reached skill level 5 in Spellcasting
 18588 | Lair:4   | Reached XP level 14. HP: 57/67 MP: 15/22
 18946 | Lair:5   | Reached skill level 16 in Hexes
 19526 | Lair:5   | HP: 3/67 [poisoned by a swamp dragon (blast of poison)]
 20507 | D:12     | Noticed Josephine
 20528 | D:12     | Killed Josephine
 21056 | D:12     | Noticed Fecro's ghost (journeyman SpBr)
 21057 | D:12     | Found a transporter.
 21059 | D:12     | Found a transporter.
 21059 | D:12     | Identified the +6 great mace of Dithmenos, Crafting {spect,
                  | rPois Str-2 Dex+2}
 21241 | D:12     | Found an ancient bone altar of Kikubaaqudgha.
 21407 | D:13     | Found a frozen archway.
 21420 | D:13     | Reached skill level 5 in Fighting
 21500 | IceCv    | Entered an ice cave
 21673 | IceCv    | Reached skill level 10 in Short Blades
 21692 | IceCv    | Reached skill level 17 in Hexes
 21786 | IceCv    | Noticed an azure jelly
 21788 | IceCv    | Found a viscous altar of Jiyva.
 21788 | IceCv    | Noticed an azure jelly
 21793 | IceCv    | Killed an azure jelly
 21818 | IceCv    | Killed an azure jelly
 21826 | IceCv    | Got the ring "Ufavedoi" {Ice +Blink rCorr Str+3 Dex+6}
 21982 | IceCv    | Noticed a quicksilver ooze
 22026 | IceCv    | Killed a quicksilver ooze
 22147 | IceCv    | Got the Folio of Cryomancy
 22406 | D:13     | Reached XP level 15. HP: 72/72 MP: 23/23
 22829 | D:14     | Found a gate to the Vaults.
 22929 | D:14     | Identified 2 scrolls of acquirement
 22935 | D:14     | Acquired the +5 quick blade of the Common Good {flame, rN+
                  | Str+3 Dex+2}
 22937 | D:14     | Acquired the +8 autumn katana {manifold assault}
 22937 | D:14     | Found the +8 autumn katana {manifold assault}
 22968 | D:14     | Identified the amulet of Zekubros {Reflect SH+5 Stlth+}
 23042 | D:14     | Found a gate leading to a gauntlet.
 23058 | Gauntlet | Entered a Gauntlet
 23058 | Gauntlet | Found a transporter.
 23058 | Gauntlet | Found a transporter.
 23062 | Gauntlet | Found a transporter.
 23073 | Gauntlet | Found a transporter.
 23091 | Gauntlet | Found a transporter.
 23129 | Gauntlet | Found a runed translucent door.
 23131 | Gauntlet | Found a transporter.
 23135 | Gauntlet | Found a transporter.
 23265 | Gauntlet | Found a transporter.
 23265 | Gauntlet | Found a transporter.
 23274 | Gauntlet | Found a transporter.
 23277 | Gauntlet | Identified the ring of Eseusy {+Blink Fly Will+}
 23297 | Gauntlet | Found a transporter.
 23414 | Gauntlet | Found a transporter.
 23422 | Gauntlet | Reached skill level 1 in Long Blades
 23435 | Gauntlet | Identified the +1 helmet of the Four Priests {Str+3 Int+3
                  | Dex+4}
 23441 | Gauntlet | Found a transporter.
 24672 | D:15     | Entered Level 15 of the Dungeon
 24820 | D:15     | Noticed Roxanne
 25519 | Spider:1 | Entered Level 1 of the Spider Nest
 26694 | Orc:2    | Killed Erolcha
 27353 | Orc:2    | Reached skill level 18 in Hexes
 28302 | Orc:2    | Found Qegaziu's Weapon Emporium.
 28303 | Orc:2    | Found Beesye's Armour Emporium.
 28303 | Orc:2    | Found Lallen's Armour Shoppe.
 28304 | Orc:2    | Found Reongeud's General Store.
 28338 | Orc:2    | Bought 3 curare-tipped darts for 50 gold pieces
 28338 | Orc:2    | Bought 2 curare-tipped darts for 33 gold pieces
 28415 | Orc:2    | Learned a level 5 spell: Metabolic Englaciation
 28419 | Elf:1    | Entered Level 1 of the Elven Halls
 28602 | Elf:1    | Paralysed by an air elemental for 1 turns
 28609 | Elf:1    | Paralysed by an air elemental for 1 turns
 29786 | D:12     | Killed Fecro's ghost
 29788 | D:12     | Reached XP level 16. HP: 77/77 MP: 5/26
 30170 | Slime:1  | Noticed an acid blob
 30193 | Slime:1  | Killed an acid blob
 30388 | Slime:2  | Killed an acid blob
 30760 | Slime:3  | Noticed an acid blob
 30762 | Slime:3  | Killed an acid blob
 30884 | Slime:1  | Gained mutation: You sometimes lose your temper in combat.
                  | [a shining eye]
 30888 | Slime:1  | Gained mutation: You are agile. (Dex +4, Str/Int -1) [a
                  | shining eye]
 30901 | Slime:1  | Gained mutation: You occasionally lose the ability to drink
                  | potions when taking damage. [a shining eye]
 31612 | Lair:5   | Lost mutation: You sometimes lose your temper in combat.
                  | [potion of mutation]
 31612 | Lair:5   | Lost mutation: You occasionally lose the ability to drink
                  | potions when taking damage. [potion of mutation]
 31612 | Lair:5   | Lost mutation: You are agile. (Dex +4, Str/Int -1) [potion
                  | of mutation]
 31612 | Lair:5   | Gained mutation: Your spells are a little harder to cast,
                  | but a little more powerful. [potion of mutation]
 31612 | Lair:5   | Gained mutation: You expend magic power (3 MP) to
                  | strengthen your wands. [potion of mutation]
 31612 | Lair:5   | Gained mutation: Your body sometimes deteriorates upon
                  | taking damage. [potion of mutation]
 31756 | Swamp:1  | Entered Level 1 of the Swamp
 32056 | Swamp:1  | Reached skill level 10 in Invocations
 32887 | Swamp:1  | Lost mutation: Your spells are a little harder to cast, but
                  | a little more powerful. [potion of mutation]
 32887 | Swamp:1  | Lost mutation: You expend magic power (3 MP) to strengthen
                  | your wands. [potion of mutation]
 32887 | Swamp:1  | Gained mutation: You are robust. (+10% HP) [potion of
                  | mutation]
 32887 | Swamp:1  | Gained mutation: Your spells are a little harder to cast,
                  | but a little more powerful. [potion of mutation]
 32888 | Swamp:1  | Lost mutation: Your spells are a little harder to cast, but
                  | a little more powerful. [potion of mutation]
 32888 | Swamp:1  | Lost mutation: You are robust. (+10% HP) [potion of
                  | mutation]
 32888 | Swamp:1  | Lost mutation: Your body sometimes deteriorates upon taking
                  | damage. [potion of mutation]
 32888 | Swamp:1  | Gained mutation: You occasionally shout uncontrollably at
                  | your foes. [potion of mutation]
 32888 | Swamp:1  | Gained mutation: You are strong-willed. (Will+) [potion of
                  | mutation]
 32888 | Swamp:1  | Lost mutation: You occasionally shout uncontrollably at
                  | your foes. [potion of mutation]
 34516 | Swamp:2  | Reached skill level 19 in Hexes
 36315 | Spider:2 | Noticed Arachne
 36420 | Spider:2 | Killed Arachne
 36421 | Spider:2 | Reached XP level 17. HP: 82/82 MP: 27/30
 37021 | Lair:3   | Learned a level 5 spell: Silence
 38809 | Elf:1    | Noticed Zenata
 38826 | Elf:1    | Slain by Zenata

Illustrated notes

Levels and vault maps discovered:
D:1:      mainiacjoe_arrival_reflecting_pool, layout_basic, minivault_26
D:2:      layout_loops_ring, serial_shops, nicolae_shop_rolled_up, shop, shop,
          shop, hellmonk_ecumenical_altar_inner_sanctum, uniq_robin,
          uniq_jessica
D:3:      layout_loops_cross, chequers_serial_rivers_room_a
D:4:      layout_cave_pools, gup_sewer_entry_bowl
D:5:      layout_rooms, nicolae_dithmenos_shadow_blocks,
          mainiacjoe_overflow_alcove_1, trog_book, nicolae_hexahallways
D:6:      layout_rooms, uniq_grinder
D:7:      layout_basic, temple_statues, minivault_27, uniq_menkaure
D:8:      layout_cave_pools, mainiacjoe_overflow_divided_tiny, lair_entry_dummy,
          nicolae_ossuary_entry_ruins
D:9:      layout_long_grid, worldfamousw_hep_ancestral_shrine, uniq_maurice,
          uniq_prince_ribbit1, uniq_joseph
D:10:     layout_basic, mainiacjoe_overflow_swirl,
          mainiacjoe_overflow_catch_the_wave, overflow_temple_1_default,
          special_room [special_room_bee], serial_shops, nicolae_shop_waterfront
D:11:     layout_irregular_city, erik_orc_4
D:12:     layout_loops_corners, gammafunk_ghost_smash, kiku_gazebo_pond_becter,
          uniq_josephine
D:13:     layout_rooms, portal_ice_cave_rime, corexii_hall_statues_l
D:14:     layout_basic, ximxim_vaults_locker_room, kennysheep_crisscross,
          gauntlet_entry_generic
D:15:     gammafunk_depths_entry_grave, layout_rooms,
          nicolae_elyvilon_peaceful_grove, minivault_23, minmay_checkerbox,
          uniq_roxanne
Temple:   chequers_temple_sunken
Lair:1:   layout_roguey, grunt_forest_small_clearing_treed, wad_woods_river_01
Lair:2:   layout_hall_layers, minivault_24, serial_bayou_lagoon_a,
          grunt_megastairs_3, lemuel_fruit_tree, serial_bayou_shore_a
Lair:3:   layout_cave_pods, minmay_swamp_entry_swarm,
          hellmonk_spider_entry_not_the_bees, serial_bayou_shore_b, uniq_fannar
Lair:4:   layout_hall_layers, nicolae_slime_entry_field_trip,
          serial_bayou_pond_b, infiniplex_staircase_pool, serial_bayou_shore_b,
          serial_bayou_shore_b
Lair:5:   guppyfry_lair_end_dragon, layout_concentric_octagons,
          hangedman_lair_caniforms_friends, chequers_serial_rivers_micro_a
Swamp:1:  nicolae_swamp_ascending_descending, layout_falls_marsh,
          evilmike_swamp_ruin_rubble_1, swamp_pool3, hangedman_swamp_grove
Swamp:2:  layout_basic_swamp, evilmike_swamp_ruin_house_2
Swamp:3:  layout_basic_swamp, evilmike_swamp_ruin_house_1
Spider:1: layout_spider_delve, hangedman_spider_tarantella_strand
Spider:2: nicolae_spider_mines_3, nicolae_spider_shape, uniq_arachne
Slime:1:  cheibrodos_slime_lost_civilization_8, layout_caves
Slime:2:  layout_caves
Slime:3:  layout_caves
Orc:1:    layout_diamond_mine, nicolae_volcano_entry_batcave, serial_shops,
          nicolae_shop_pleasant_corner_grove
Orc:2:    st_orc_pillars, layout_caves, basic_altar, uniq_erolcha
Elf:1:    elf_arrival_001, layout_loops_corners, hangedman_elf_disciples,
          hangedman_elf_targetted_burst, patterned_corridor, uniq_zenata

Skill      XL: |  1  2  3  4  5  6  7  8  9 10 11 12 13 14 15 16 17 |
---------------+----------------------------------------------------+-----
Spellcasting   | 3 4 5 6 8 |  8.2
Hexes          | 4 5 7 8 10 12 14 15 17 18 19 | 19.7
Stealth        | 5 6 8 9 12 14 15 16 18 | 18.0
Short Blades   | 2 3 4 5 7 8 9 10 | 10.0
Dodging        | 3 4 5 6 7 8 9 10 12 13 | 13.7
Conjurations   | 1 |  1.0
Evocations     | 1 3 4 5 6 7 |  7.9
Ice Magic      | 1 2 |  2.0
Fighting       | 1 2 3 4 5 6 |  6.7
Necromancy     | 2 3 |  3.0
Shields        | 1 3 5 6 7 8 9 |  9.4
Armour         | 1 |  1.7
Invocations    | 2 5 6 8 9 10 | 10.0
Throwing       | 1 |  1.2
Summonings     | 2 3 |  3.8
Long Blades    | 2 3 |  3.2
Air Magic      | |  0.3

Action                     |  1- 3 |  4- 6 |  7- 9 | 10-12 | 13-15 | 16-18 || total
---------------------------+-------+-------+-------+-------+-------+-------++-------
  Melee: Dagger            |   120 |   100 |   272 |   413 |   778 |   217 ||  1900
         Punch             |       |     1 |     3 |       |       |       ||     4
         Katana            |       |       |       |       |   100 |    56 ||   156
         Quick blade       |       |       |       |       |    31 |     9 ||    40
  Throw: Dart              |       |       |       |     2 |     2 |     1 ||     5
   Cast: Ensorcelled Hiber |     7 |    26 |    59 |   171 |   382 |   112 ||   757
         Confusing Touch   |       |       |    11 |    20 |    35 |     8 ||    74
         Tukima's Dance    |       |       |     1 |     4 |     4 |       ||     9
         Dazzling Flash    |       |       |       |     7 |     1 |     6 ||    14
         Anguish           |       |       |       |     2 |     4 |     1 ||     7
         Summon Mana Viper |       |       |       |       |    28 |    15 ||    43
         Metabolic Englaci |       |       |       |       |     1 |    11 ||    12
         Silence           |       |       |       |       |       |     3 ||     3
 Invoke: Line Pass         |       |       |       |     3 |     2 |     1 ||     6
         Stomp             |       |       |       |     2 |     8 |     5 ||    15
Ability: Evoke Blink       |       |     2 |       |       |     7 |     5 ||    14
  Evoke: Wand              |       |     1 |       |       |     6 |       ||     7
         Lightning rod     |       |       |       |       |       |     4 ||     4
    Use: Potion            |     1 |       |       |       |     5 |     5 ||    11
         Scroll            |       |     8 |     3 |     9 |    11 |    10 ||    41
   Stab: Sleeping          |    13 |    25 |    56 |   135 |   253 |    91 ||   573
         Distracted        |     1 |       |     1 |     8 |    15 |     6 ||    31
         Invisible         |       |     2 |       |     4 |     1 |     6 ||    13
         Confused          |       |       |     7 |    18 |    38 |     8 ||    71
         Paralysed         |       |       |       |    25 |    42 |    12 ||    79
 Armour: Robe              |     6 |     7 |    12 |    41 |    92 |    29 ||   187
         Acid dragon scale |       |       |       |     6 |       |       ||     6
  Dodge: Dodged            |   114 |   101 |   225 |   508 |   787 |   188 ||  1923
  Block: Buckler           |       |       |       |   112 |   439 |   181 ||   732
         Reflection        |       |       |       |       |    19 |     6 ||    25
